 Dungeon Crawl Stone Soup version 0.30-a0-297-g0ec75d9ef4 (webtiles) character file.

Game seed: 2669156379255946502

159 themarg the Trooper (level 5, -1/52 HPs)
             Began as a Hill Orc Monk on Oct 18, 2022.
             Was a Believer of Beogh.
             Slain by Terence
             ... wielding a +2 flail of holy wrath
              (3 damage)
             ... on level 3 of the Dungeon.
             The game lasted 00:10:11 (1777 turns).

themarg the Trooper (Hill Orc Monk)                 Turns: 1777, Time: 00:10:12

Health: -1/52      AC:  9    Str: 16    XL:     5   Next: 40%
Magic:  5/5        EV:  7    Int: 13    God:    Beogh [**....]
Gold:   73         SH:  0    Dex: 13    Spells: 4/4 levels left

rFire   . . .      SeeInvis .    a - +0 hand axe
rCold   . . .      Faith    .    (no shield)
rNeg    . . .      Spirit   .    e - +0 chain mail
rPois   .          Reflect  .    m - +0 helmet {Int+3}
rElec   .          Harm     .    (no cloak)
rCorr   .          Rampage  .    (no gloves)
Will    .....                    (no boots)
Stlth   ..........               (no amulet)
HPRegen 0.28/turn                (no ring)
MPRegen 0.09/turn                (no ring)

@: hasted, very quick
A: no striking features
a: Renounce Religion, Smiting


You were on level 3 of the Dungeon.
You worshipped Beogh.
Beogh was pleased with you.
You visited 1 branch of the dungeon, and saw 4 of its levels.

You collected 73 gold pieces.

Inventory:

Hand Weapons
 a - a +0 hand axe (weapon)
Missiles
 j - 25 stones (quivered)
Armour
 e - a +0 chain mail (worn)
 k - a +0 scale mail
 m - a +0 helmet of intelligence (worn)
Scrolls
 b - a scroll of amnesia
 f - 2 scrolls of teleportation
 g - 2 scrolls of noise
 i - a scroll of fog {unknown}
Potions
 d - a potion of might
 h - a potion of berserk rage
 l - a potion of brilliance


   Skills:
 * Level 7.0 Fighting
 - Level 4.0 Axes
 - Level 2.4 Dodging
 - Level 2.0 Stealth


You had 4 spell levels left.
You didn't know any spells.
Your spell library contained the following spells:

 Spells                   Type           Power      Damage    Failure   Level
 Ignite Poison            Fire/Tmut/Pois 0%         N/A       100%        3
 Sticky Flame             Conj/Fire      0%         2d3       100%        4
 Ignition                 Fire           0%         3d3       100%        8


Dungeon Overview and Level Annotations

Branches:
Dungeon (4/15)
 Temple: D:4-7

Altars:

Shops:
D:2 [

Annotations:
D:3 Terence


Message History

Terence hits you with a +2 flail of holy wrath.
* * * LOW HITPOINT WARNING * * *
Terence hits you with a +2 flail of holy wrath.
* * * LOW HITPOINT WARNING * * *
You hit Terence.
Terence is severely wounded.
Terence barely misses you.
You hit Terence.
Terence is severely wounded.
Terence barely misses you.
Terence hits you with a +2 flail of holy wrath.
* * * LOW HITPOINT WARNING * * *
You closely miss Terence.
Terence is severely wounded.
Terence hits you with a +2 flail of holy wrath. x2
* * * LOW HITPOINT WARNING * * *
You bump into the translucent rock wall.
You feel less invigorated.
You feel less confused. Terence hits you but does no damage.
The endoplasm freezes you.
You are frozen.
* * * LOW HITPOINT WARNING * * *
You hit Terence.
Terence is almost dead.
You hit the endoplasm but do no damage. Terence hits you but does no damage.
Terence hits you with a +2 flail of holy wrath.
* * * LOW HITPOINT WARNING * * *
The endoplasm barely misses you.
You hit Terence but do no damage.
Terence is almost dead.
You hit the endoplasm. Terence closely misses you. The endoplasm freezes you.
You are frozen.
* * * LOW HITPOINT WARNING * * *
Terence hits you with a +2 flail of holy wrath.
* * * LOW HITPOINT WARNING * * *
It was a potion of haste.
You feel yourself speed up.
Terence hits you with a +2 flail of holy wrath.
You die...

..........................#
....#.....................####
..#.......................#...
.................)............
.$.......................#.#.#
#.J@....#..................
.##.....##...........#.#.#
#...#####...............
#.....@@J..........#.#.#
#.#########.............
#.........#...........##
#########....##########
#.......# #.......#
#.......###### #............#
#.......####.#


You could see Terence (berserk) and an endoplasm.

Vanquished Creatures
  A necrophage (D:4)
  2 adders (D:2)
  2 dart slugs
  3 orcs (D:4)
  A ball python (D:2)
  A bat (D:1)
  4 endoplasms
  2 giant cockroaches (D:2)
  4 goblins
  2 hobgoblins (D:1)
  2 jackals (D:2)
  2 kobolds
  A quokka (D:2)
  2 frilled lizards
  15 rats
44 creatures vanquished.

Vanquished Creatures (others)
  A phantom (D:4)
  A hound (D:4)
  An orc (D:4)
  6 plants (D:4)
9 creatures vanquished.

Grand Total: 53 creatures vanquished

Notes
Turn   | Place    | Note
-------+----------+-------------------------------------------
     0 | D:1      | themarg the Hill Orc Monk began the quest for the Orb.
     0 | D:1      | Reached XP level 1. HP: 19/19 MP: 1/1
    82 | D:1      | Reached skill level 4 in Fighting
   100 | D:1      | Found a faded altar of an unknown god.
   118 | D:1      | Reached XP level 2. HP: 27/27 MP: 2/2
   969 | D:2      | Reached XP level 3. HP: 23/35 MP: 3/3
  1100 | D:2      | Reached skill level 5 in Fighting
  1306 | D:2      | Found Moonnoly's Armour Emporium.
  1310 | D:2      | You fall into a shaft and drop 2 floors!
  1331 | D:4      | Reached XP level 4. HP: 38/42 MP: 4/4
  1354 | D:4      | Noticed a necrophage
  1379 | D:4      | Became a worshipper of Beogh the Brigand
  1379 | D:4      | Reached * piety under Beogh
  1379 | D:4      | Reached ** piety under Beogh
  1392 | D:4      | Killed a necrophage
  1393 | D:4      | Reached skill level 6 in Fighting
  1393 | D:4      | Reached XP level 5. HP: 13/51 MP: 1/5
  1563 | D:4      | Killed a phantom
  1656 | D:3      | Noticed Terence
  1706 | D:3      | Reached skill level 7 in Fighting
  1776 | D:3      | HP: 2/52 [Terence/+2 flail of holy wrath (5)]
  1777 | D:3      | Slain by Terence

Illustrated notes

Levels and vault maps discovered:
D:1:      spicycebolla_arrival_xxxplode, layout_loops_ring,
          ebering_ecumenical_altar_box, nrook_mini_backslash,
          minmay_rat_gold_closets
D:2:      layout_basic, serial_shops, shop_fountains
D:3:      layout_rooms, serial_co_window_serial, co_window_paths_a,
          co_window_of_opportunity_a, co_window_corner_a, co_window_paths_a,
          co_window_of_opportunity_a, co_window_2corner, co_window_paths_c,
          co_window_of_opportunity_b, co_window_2corner, glass_columns_b,
          glass_columns_b, glass_columns_a, glass_columns_a, glass_columns_a,
          chequers_serial_rivers_large_a, uniq_terence, uniq_crazy_yiuf_cottage
D:4:      minmay_skewed_foursquare, layout_cave_pools, serial_bayou_lake_a

Skill      XL: |  1  2  3  4  5 |
---------------+----------------+-----
Fighting       | 4 5 6 7 |  7.0
Stealth        | 2 |  2.0
Axes           | |  4.0
Dodging        | |  2.4

Action                   |  1- 3 |  4- 6 || total
-------------------------+-------+-------++-------
Melee: Hand axe          |   105 |    52 ||   157
       Punch             |     3 |       ||     3
Invok: Smiting           |       |     2 ||     2
       Convert to Beogh  |       |     1 ||     1
  Use: Scroll            |     3 |     3 ||     6
       Potion            |       |     2 ||     2
 Stab: Sleeping          |    10 |       ||    10
Armor: Leather armour    |     7 |       ||     7
       Scale mail        |    22 |    15 ||    37
       Chain mail        |       |     4 ||     4
Dodge: Dodged            |    49 |    42 ||    91

Table legend: (Time is in decaauts)
 A = Elapsed time spent in this place.
 B = Non-inter-level travel time spent in this place.
 C = Inter-level travel time spent in this place.
 D = Time resting spent in this place.
 E = Time spent auto-exploring this place.
 F = Levels seen in this place.
 G = Mean time per level.
                   A        B        C        D        E       F      G
               +--------+--------+--------+--------+--------+-----+--------+
         Total |   1801 |   1780 |     21 |    278 |    967 |   4 |  450.2 |
       Dungeon |   1801 |   1780 |     21 |    278 |    967 |   4 |  450.2 |
               +--------+--------+--------+--------+--------+-----+--------+

Top non-repeatable levels by time:
     D:1: 781 daAuts
     D:2: 545 daAuts
     D:4: 334 daAuts
     D:3: 139 daAuts
